 Dungeon Crawl Stone Soup version 0.32-a0-699-g1ee5eff (webtiles) character file.

Game seed: 15936696201987025452

3976 happymeat the Frost Mage (level 10, -11/74 HPs)
             Began as a Gnoll Ice Elementalist on Mar 13, 2024.
             Was an Elder of Cheibriados.
             Mangled by a skeletal warrior
             ... wielding a +0 short sword
              (17 damage)
             ... on level 8 of the Dungeon.
             The game lasted 00:15:47 (8738 turns).

happymeat the Frost Mage (Gnoll Ice Elementalist)   Turns: 8738, Time: 00:15:48

Health: -11/74     AC: 20    Str: 18    XL:     10   Next: 22%
Magic:  19/21      EV: 16    Int: 26    God:    Cheibriados [****..]
Gold:   321        SH:  0    Dex: 28    Spells: 14/23 levels left

rFire   . . .        o - +4 whip
rCold   + . .        (no shield)
rNeg    . . .        y - +4 ring mail of Socruace {rF+}
rPois   .            s - +1 helmet
rElec   .            n - +2 cloak
rCorr   .            t - +0 pair of gloves
SInv    .            j - +2 pair of boots {Fly}
Will    .....        (no amulet)
Stlth   ++++         l - ring of ice
HPRegen 0.32/turn    B - ring "Fettotoi" {Dex+3 Slay+4}
MPRegen 0.17/turn

%: no passive effects
@: flying, very slow
A: fangs 1, strong nose, distributed training
a: Renounce Religion, Bend Time, Temporal Distortion, Slouch


You were on level 8 of the Dungeon.
You worshipped Cheibriados.
Cheibriados was greatly pleased with you.
You visited 1 branch of the dungeon, and saw 8 of its levels.
You also visited: Sewer.

You collected 321 gold pieces.

Inventory:

Hand Weapons
 h - a +0 short sword of flaming
 o - a +4 whip (weapon)
Armour
 j - a +2 pair of boots of flying (worn)
 n - a +2 cloak (worn)
 s - a +1 helmet (worn)
 t - a +0 pair of gloves (worn)
 y - the +4 ring mail of Socruace (worn) {rF+}
   (You found it on level 6 of the Dungeon)

   rF+:       It protects you from fire.
Jewellery
 l - a ring of ice (left hand)
 v - a ring of willpower
 B - the ring "Fettotoi" (right hand) {Dex+3 Slay+4}
   (You found it on level 6 of the Dungeon)

   [ring of slaying]

   Dex+3:     It affects your dexterity (+3).
   Slay+4:    It affects your accuracy & damage with ranged weapons and melee
   (+4).
Wands
 q - a wand of charming (13)
 C - a wand of mindburst (3)
Scrolls
 a - a scroll of vulnerability
 c - a scroll of immolation
 k - a scroll of fear {!r}
 A - a scroll of enchant armour
 D - a scroll of fog {!r}
 E - a scroll of identify
Potions
 b - 3 potions of magic
 d - 2 potions of curing {!q}
 e - 2 potions of haste {unknown}
 f - a potion of invisibility
 g - 2 potions of attraction
 i - 4 potions of might
 m - a potion of brilliance
 p - 2 potions of degeneration
 r - a potion of enlightenment {unknown}
 u - 3 potions of heal wounds {unknown}
 w - a potion of cancellation {unknown}
 x - 5 potions of mutation {unknown}
 z - a potion of resistance {unknown}


   Skills:
 + Level 5.2 Fighting
 + Level 5.2 Short Blades
 + Level 5.2 Long Blades
 + Level 5.2 Axes
 + Level 5.2 Maces & Flails
 + Level 5.2 Polearms
 + Level 5.2 Staves
 + Level 5.2 Ranged Weapons
 + Level 5.2 Throwing
 + Level 5.2 Armour
 + Level 7.0 Dodging
 + Level 6.8 Stealth
 + Level 5.2 Shields
 + Level 5.2 Unarmed Combat
 + Level 7.3 Spellcasting
 + Level 4.3 Conjurations
 + Level 4.3 Hexes
 + Level 4.3 Summonings
 + Level 4.3 Necromancy
 + Level 4.3 Translocations
 + Level 4.3 Fire Magic
 + Level 8.4 Ice Magic
 + Level 4.3 Air Magic
 + Level 4.3 Earth Magic
 + Level 4.3 Alchemy
 + Level 5.8 Invocations
 + Level 5.2 Evocations
 + Level 4.8 Shapeshifting


You had 14 spell levels left.
You knew the following spells:

 Your Spells              Type           Power      Damage    Failure   Level
a - Frozen Ramparts       Ice            100%       1d16      1%          3
b - Summon Ice Beast      Ice/Summ       59%        N/A       2%          3
c - Ozocubu's Armour      Ice            69%        N/A       1%          3

Your spell library contained the following spells:

 Spells                   Type           Power      Damage    Failure   Level
 Freeze                   Ice            100%       1d10      1%          1
 Static Discharge         Conj/Air       64%        3-6/arc   2%          2
 Hailstorm                Conj/Ice       59%        3d11      2%          3
 Tukima's Dance           Hex            32%        N/A       4%          3
 Airstrike                Air            16%        2d(3-19)  17%         4
 Animate Dead             Necr           32%        N/A       17%         4
 Dimensional Bullseye     Hex/Tloc       16%        N/A       17%         4
 Iskenderun's Mystic Bla  Conj/Tloc      32%        2d8       17%         4
 Passage of Golubria      Tloc           32%        N/A       17%         4
 Summon Lightning Spire   Summ/Air       32%        N/A       17%         4
 Yara's Violent Unravell  Hex/Alch       16%        3d8       43%         5
 Permafrost Eruption      Ice/Erth       29%        2x4d9     75%         6
 Sculpt Simulacrum        Ice/Alch       29%        N/A       75%         6
 Haunt                    Necr/Summ      16%        N/A       100%        7
 Infestation              Necr           16%        N/A       100%        8


Dungeon Overview and Level Annotations

Branches:
Dungeon (8/15)             Temple (0/1) D:4           Sewer (visited)
   Lair: D:8-11

Altars:
Cheibriados
Nemelex Xobeh
Ru
Vehumet
Xom

Annotations:
D:8 exclusion: skeletal warrior


Innate Abilities, Weirdness & Mutations

You have very sharp teeth.
Your uncanny sense of smell can sniff out nearby items.
Your experience applies equally to all skills.


Message History

The skeletal warrior is lightly damaged.
The wall freezes the skeletal warrior but does no damage. x2
The skeletal warrior hits you with a +0 short sword.
You hit the skeletal warrior but do no damage.
The skeletal warrior is lightly damaged.
The wall freezes the skeletal warrior but does no damage.
The skeletal warrior hits you with a +0 short sword!
The skeletal warrior resists.
The wall freezes the skeletal warrior.
Your icy armour cracks and falls away as you move.
The frozen ramparts melt away as you move.
The skeletal warrior attacks as it pursues you!
The skeletal warrior barely misses you.
The skeletal warrior hits you but does no damage.
What are your orders? t - Bark!
Orders for allies: a - Attack new target. r - Retreat! s - Stop attacking. g - Guard the area. f - Follow me.
Anything else - Cancel.
Okay, then.
Okay, then.
The skeletal warrior attacks as it pursues you!
The skeletal warrior hits you with a +0 short sword!
The skeletal warrior hits you with a +0 short sword.
The skeletal warrior attacks as it pursues you!
The skeletal warrior hits you with a +0 short sword! x2
* * * LOW HITPOINT WARNING * * *
The skeletal warrior hits you but does no damage.
The skeletal warrior hits you with a +0 short sword!
* * * LOW HITPOINT WARNING * * *
The skeletal warrior completely misses you.
The skeletal warrior attacks as it pursues you!
The skeletal warrior misses you.
The skeletal warrior attacks as it pursues you!
The skeletal warrior closely misses you.
The skeletal warrior hits you but does no damage.
The skeletal warrior misses you.
The skeletal warrior hits you with a +0 short sword!
You die...
Cheibriados appreciates the motionlessness of death.

#.# #.#########
#.##z.zz@.#
#.##.####.###### #.##.#
#.##...##
#.##.####.#.###.# ######
#.##z##.....# #.# .....#
##.##...z..#.###.#
####.###...####.####...##
#.##....<.z...# ##.##
#.###...#z##..# #.#


You could see 3 skeletal warriors.

Vanquished Creatures
  A skeletal warrior (D:8)
  A komodo dragon (D:8)
  Sigmund (D:3)
  2 wyverns
  A yak (D:8)
  2 water moccasins
  2 ice beasts (D:6)
  An orc warrior (D:7)
  2 black bears
  2 centaurs
  2 bullfrogs
  3 scorpions
  3 killer bees (D:7)
  3 hounds
  A jelly (D:7)
  3 orc priests
  2 gnoll boudas (D:7)
  4 iguanas
  An orc wizard (D:7)
  10 adders
  9 gnolls
  4 river rats
  A shadow imp (D:7)
  A white imp (D:7)
  6 ribbon worms
  6 dart slugs
  24 orcs
  8 endoplasms
  3 giant cockroaches
  9 goblins
  8 hobgoblins
  2 jackals (D:2)
  3 quokkas (D:1)
  12 ball pythons
  5 bats
  7 frilled lizards
  25 kobolds
  29 rats
209 creatures vanquished.

Vanquished Creatures (collateral kills)
  A water moccasin (D:6)
  2 sky beasts
  An ice beast (D:7)
  An ogre (D:5)
  A jelly (D:5)
  An orc priest (D:6)
  An iguana (D:6)
  An orc (D:7)
9 creatures vanquished.

Grand Total: 218 creatures vanquished

Notes
Turn   | Place    | Note
-------+----------+-------------------------------------------
     0 | D:1      | happymeat the Gnoll Ice Elementalist began the quest for
                  | the Orb.
     0 | D:1      | Reached XP level 1. HP: 13/13 MP: 6/6
   135 | D:1      | Reached XP level 2. HP: 19/19 MP: 4/7
   778 | D:1      | Reached skill level 5 in Spellcasting
   778 | D:1      | Reached XP level 3. HP: 19/25 MP: 5/9
  1237 | D:1      | Learned a level 3 spell: Frozen Ramparts
  1241 | D:1      | Learned a level 3 spell: Ozocubu's Armour
  1323 | D:2      | Reached skill level 1 in Invocations
  1607 | D:2      | Reached skill level 1 in Fighting
  1607 | D:2      | Reached skill level 1 in Short Blades
  1607 | D:2      | Reached skill level 1 in Long Blades
  1607 | D:2      | Reached skill level 1 in Axes
  1607 | D:2      | Reached skill level 1 in Maces & Flails
  1607 | D:2      | Reached skill level 1 in Polearms
  1607 | D:2      | Reached skill level 1 in Staves
  1607 | D:2      | Reached skill level 1 in Ranged Weapons
  1607 | D:2      | Reached skill level 1 in Throwing
  1607 | D:2      | Reached skill level 1 in Armour
  1607 | D:2      | Reached skill level 1 in Shields
  1607 | D:2      | Reached skill level 1 in Unarmed Combat
  1607 | D:2      | Reached skill level 1 in Evocations
  2099 | D:2      | Reached skill level 1 in Shapeshifting
  2099 | D:2      | Reached XP level 4. HP: 32/32 MP: 7/11
  2502 | D:3      | Reached skill level 1 in Conjurations
  2502 | D:3      | Reached skill level 1 in Hexes
  2502 | D:3      | Reached skill level 1 in Summonings
  2502 | D:3      | Reached skill level 1 in Necromancy
  2502 | D:3      | Reached skill level 1 in Translocations
  2502 | D:3      | Reached skill level 1 in Fire Magic
  2502 | D:3      | Reached skill level 1 in Air Magic
  2502 | D:3      | Reached skill level 1 in Earth Magic
  2502 | D:3      | Reached skill level 1 in Alchemy
  2597 | D:3      | Found a sparkling altar of Nemelex Xobeh.
  2604 | D:3      | Reached XP level 5. HP: 36/37 MP: 8/12
  2752 | D:3      | Noticed a centaur
  2769 | D:3      | Killed a centaur
  2862 | D:3      | Found a snail-covered altar of Cheibriados.
  2886 | D:3      | Became a worshipper of Cheibriados the Contemplative
  3156 | D:3      | Noticed Sigmund
  3157 | D:3      | Found a radiant altar of Vehumet.
  3164 | D:3      | Killed Sigmund
  3165 | D:3      | Reached skill level 5 in Dodging
  3165 | D:3      | Reached XP level 6. HP: 32/44 MP: 7/14
  3402 | D:4      | Found a staircase to the Ecumenical Temple.
  3414 | D:4      | Reached XP level 7. HP: 48/51 MP: 8/15
  4127 | D:4      | Reached * piety under Cheibriados
  4128 | D:4      | Reached skill level 5 in Stealth
  4663 | D:5      | Entered Level 5 of the Dungeon
  4720 | D:5      | Found a shimmering altar of Xom.
  4870 | D:5      | Found a glowing drain.
  4878 | Sewer    | Entered a sewer
  5019 | Sewer    | Reached ** piety under Cheibriados
  5134 | Sewer    | Reached XP level 8. HP: 58/58 MP: 12/16
  5179 | Sewer    | Reached *** piety under Cheibriados
  5424 | Sewer    | Learned a level 3 spell: Summon Ice Beast
  5491 | D:5      | Found a sacrificial altar of Ru.
  5506 | D:5      | Learned a level 3 spell: Frozen Ramparts
  6175 | D:6      | Identified the +4 ring mail of Socruace {rF+}
  6359 | D:6      | Reached XP level 9. HP: 65/65 MP: 14/18
  6553 | D:6      | Identified the ring "Fettotoi" {Dex+3 Slay+4}
  6893 | D:6      | Reached **** piety under Cheibriados
  6908 | D:6      | Reached skill level 8 in Ice Magic
  7463 | D:7      | Reached skill level 5 in Invocations
  8243 | D:8      | Noticed a skeletal warrior
  8243 | D:8      | Noticed a skeletal warrior
  8243 | D:8      | Noticed a skeletal warrior
  8243 | D:8      | Noticed a skeletal warrior
  8303 | D:8      | Killed a skeletal warrior
  8304 | D:8      | Reached skill level 5 in Fighting
  8304 | D:8      | Reached skill level 5 in Short Blades
  8304 | D:8      | Reached skill level 5 in Long Blades
  8304 | D:8      | Reached skill level 5 in Axes
  8304 | D:8      | Reached skill level 5 in Maces & Flails
  8304 | D:8      | Reached skill level 5 in Polearms
  8304 | D:8      | Reached skill level 5 in Staves
  8304 | D:8      | Reached skill level 5 in Ranged Weapons
  8304 | D:8      | Reached skill level 5 in Throwing
  8304 | D:8      | Reached skill level 5 in Armour
  8304 | D:8      | Reached skill level 5 in Shields
  8304 | D:8      | Reached skill level 5 in Unarmed Combat
  8304 | D:8      | Reached skill level 5 in Evocations
  8304 | D:8      | Reached XP level 10. HP: 15/74 MP: 17/20
  8733 | D:8      | HP: 3/74 [skeletal warrior/+0 short sword (12)]
  8738 | D:8      | Mangled by a skeletal warrior

Illustrated notes

Levels and vault maps discovered:
D:1:      lightli_iron_boxes, layout_basic
D:2:      layout_loops_corners
D:3:      layout_rooms, mainiacjoe_overflow_alcove_1,
          mainiacjoe_overflow_alcove_2, lemuel_coloured_pillars_altar,
          uniq_sigmund
D:4:      layout_loops_ring, minmay_temple_entry_large_hall, serial_aquarium,
          aquarium_bridge_square [aquarium_subvault_wall,
          aquarium_subvault_bridge, aquarium_subvault_bridge,
          aquarium_subvault_wall], aquarium_bridge_square
          [aquarium_subvault_bridge, aquarium_subvault_wall,
          aquarium_subvault_wall, aquarium_subvault_bridge],
          aquarium_window_fake, aquarium_window_corridor_3,
          aquarium_window_corner, aquarium_window_1, aquarium_view_2e,
          aquarium_view_2g, aquarium_pool_S, kennysheep_potato
D:5:      layout_rooms, mainiacjoe_overflow_cross_hatched,
          mainiacjoe_overflow_chevrons, lightli_sewer_entry_pipes,
          dreamdust_princess_bridge
D:6:      layout_loops_ring, nrook_uturn
D:7:      layout_basic, hex_large, minmay_circle_x
D:8:      layout_loops_corners, david_lair_shrubbed,
          chequers_serial_rivers_micro_e

Skill      XL: |  1  2  3  4  5  6  7  8  9 |
---------------+----------------------------+-----
Spellcasting   | 5 6 7 |  7.3
Invocations    | 1 2 3 4 5 |  5.8
Fighting       | 1 2 3 5 |  5.2
Short Blades   | 1 2 3 5 |  5.2
Long Blades    | 1 2 3 5 |  5.2
Axes           | 1 2 3 5 |  5.2
Maces & Flails | 1 2 3 5 |  5.2
Polearms       | 1 2 3 5 |  5.2
Staves         | 1 2 3 5 |  5.2
Ranged Weapons | 1 2 3 5 |  5.2
Throwing       | 1 2 3 5 |  5.2
Armour         | 1 2 3 5 |  5.2
Shields        | 1 2 3 5 |  5.2
Unarmed Combat | 1 2 3 5 |  5.2
Evocations     | 1 2 3 5 |  5.2
Shapeshifting  | 1 2 3 4 |  4.8
Conjurations   | 1 2 3 4 |  4.3
Hexes          | 1 2 3 4 |  4.3
Summonings     | 1 2 3 4 |  4.3
Necromancy     | 1 2 3 4 |  4.3
Translocations | 1 2 3 4 |  4.3
Fire Magic     | 1 2 3 4 |  4.3
Air Magic      | 1 2 3 4 |  4.3
Earth Magic    | 1 2 3 4 |  4.3
Alchemy        | 1 2 3 4 |  4.3
Dodging        | 5 6 7 |  7.0
Stealth        | 5 6 |  6.8
Ice Magic      | 8 |  8.4

Action                     |  1- 3 |  4- 6 |  7- 9 | 10-12 || total
---------------------------+-------+-------+-------+-------++-------
  Melee: Club              |     5 |       |       |       ||     5
         Dagger            |     5 |       |       |       ||     5
         Short sword       |    38 |    10 |       |       ||    48
         Bite              |     7 |     4 |    40 |     4 ||    55
         Whip              |       |    29 |   256 |    15 ||   300
   Cast: Freeze            |    31 |       |       |       ||    31
         Frozen Ramparts   |    11 |    12 |    37 |     4 ||    64
         Ozocubu's Armour  |     1 |     5 |    13 |     3 ||    22
         Summon Ice Beast  |       |       |     9 |       ||     9
  Evoke: Wand              |       |       |     1 |       ||     1
    Use: Scroll            |     1 |     7 |    11 |       ||    19
         Potion            |       |     3 |     1 |       ||     4
   Stab: Sleeping          |     3 |     4 |    11 |       ||    18
 Armour: Robe              |    33 |    36 |       |       ||    69
         Leather armour    |       |     5 |    96 |       ||   101
         Ring mail         |       |       |   118 |    15 ||   133
  Dodge: Dodged            |    67 |    41 |   211 |    11 ||   330

Table legend: (Time is in decaauts)
 A = Elapsed time spent in this place.
 B = Non-inter-level travel time spent in this place.
 C = Inter-level travel time spent in this place.
 D = Time resting spent in this place.
 E = Time spent auto-exploring this place.
 F = Levels seen in this place.
 G = Mean time per level.
                   A        B        C        D        E       F      G
               +--------+--------+--------+--------+--------+-----+--------+
         Total |  10847 |  10485 |    362 |    117 |   8766 |   9 | 1205.2 |
       Dungeon |  10090 |   9728 |    362 |    117 |   8214 |   8 | 1261.2 |
         Sewer |    756 |    756 |      0 |      0 |    551 |   1 |  756.0 |
               +--------+--------+--------+--------+--------+-----+--------+

Top non-repeatable levels by time:
     D:4: 1569 daAuts
     D:7: 1492 daAuts
     D:6: 1446 daAuts
     D:1: 1271 daAuts
     D:2: 1131 daAuts
     D:5: 1095 daAuts
     D:3: 1092 daAuts
     D:8: 990 daAuts
   Sewer: 756 daAuts
